 Dungeon Crawl Stone Soup version 0.25.1-2-g60ff931df9 (webtiles) character file.

Game seed: 10000703687183269569

5196 hawla the Tainter (level 10, 0/71 HPs)
             Began as a Yellow Draconian Venom Mage on Nov 16, 2020.
             Was a Follower of Vehumet.
             Slain by a white ugly thing (26 damage)
             ... on level 9 of the Dungeon.
             The game lasted 00:43:25 (14029 turns).

hawla the Tainter (Yellow Draconian Venom Mage)    Turns: 14029, Time: 00:43:26

Health: 0/71       AC: 12    Str: 10    XL:     10   Next: 34%
Magic:  20/21      EV: 12    Int: 25    God:    Vehumet [*.....]
Gold:   2294       SH:  0    Dex: 17    Spells: 5/24 levels left

rFire    . . .     SeeInvis +   e - +7 whip "Qogann" {distort, Dex+5}
rCold    . . .     Gourm    .   (no shield)
rNeg     . . .     Faith    .   (armour unavailable)
rPois    .         Spirit   .   x - +2 hat
rElec    .         Reflect  .   v - +1 cloak {Stlth+}
rCorr    +         Harm     .   a - +0 pair of gloves (curse)
MR       .....     Rnd*Rage +   (no boots)
Stlth    ++........             (no amulet)
HPRegen  0.21/turn              A - ring of see invisible
MPRegen  0.17/turn              y - +6 ring of intelligence

@: no status effects
A: spit acid, unfitting armour, berserk 1, blink, cold-blooded, acid resistance,
AC +7
a: Breathe Acid, Blink, Renounce Religion


You were on level 9 of the Dungeon.
You worshipped Vehumet.
Vehumet was aware of your devotion.
You were hungry.

You visited 2 branches of the dungeon, and saw 11 of its levels.

You collected 2294 gold pieces.

Inventory:

Hand Weapons
 e - the +7 whip "Qogann" (weapon) {distort, Dex+5}
   (You found it on level 5 of the Dungeon)

   It warps and distorts space around it.
   Unwielding it can cause banishment or high damage.
   It affects your dexterity (+5).
Missiles
 g - 48 poisoned darts (quivered)
 q - 6 boomerangs
Armour
 a - a cursed +0 pair of gloves (worn)
 v - a +1 cloak of stealth (worn)
 x - a +2 hat (worn)
Jewellery
 n - an uncursed ring of stealth
 y - a +6 ring of intelligence (right hand)
 A - a ring of see invisible (left hand)
Wands
 s - a wand of digging (5)
 u - a wand of random effects (16)
 w - a wand of iceblast (4)
Scrolls
 k - 3 scrolls of remove curse
 l - 2 scrolls of amnesia
 o - 3 scrolls of fear
 r - a scroll of enchant weapon
 t - a scroll of teleportation
Potions
 c - a potion of flight
 f - a potion of resistance
 h - 6 potions of lignification
 i - 2 potions of curing
 j - a potion of haste
 m - a potion of invisibility {unknown}
 p - a potion of might {unknown}
Comestibles
 b - 5 rations


   Skills:
 + Level 1.2 Fighting
 + Level 0.2 Maces & Flails
 + Level 1.8 Dodging
 + Level 1.8 Stealth
 - Level 7.5 Spellcasting
 + Level 5.9 Conjurations
 + Level 5.8 Translocations
 + Level 4.2 Transmutations
 + Level 3.7 Fire Magic
 + Level 2.9 Air Magic
 + Level 8.0 Poison Magic


You had 5 spell levels left.
You knew the following spells:

 Your Spells              Type           Power        Failure   Level  Hunger
a - Olgreb's Toxic Radia  Pois           #####...     2%          4    ###....
b - Poisonous Vapours     Pois/Air       #####.       1%          2    None
c - Ignite Poison         Fire/Tmut/Pois #####...     2%          3    None
d - Searing Ray           Conj           #####.       1%          2    None
e - Iskenderun's Mystic   Conj/Tloc      #####...     5%          4    ###....
f - Foxfire               Conj/Fire      ####         1%          1    None
g - Gell's Gravitas       Tloc           #####.....   1%          3    None

Your spell library contained the following spells:

 Spells                   Type           Power        Failure   Level  Hunger
 Magic Dart               Conj           ####         1%          1    None
 Sting                    Tmut/Pois      ####         1%          1    None
 Mephitic Cloud           Conj/Pois/Air  #####...     1%          3    None
 Dazzling Flash           Conj/Hex       ###...       5%          3    None
 Confusing Touch          Hex            #.......     19%         3    None
 Fulminant Prism          Conj/Hex       ###.......   19%         4    ###....
 Petrify                  Tmut/Erth      ###.....     26%         4    ###....
 Yara's Violent Unravell  Hex/Tmut       ###.......   58%         5    #####..
 Metabolic Englaciation   Hex/Ice        #.........   87%         5    #####..


Dungeon Overview and Level Annotations

Branches:
Dungeon (10/15)            Temple (1/1) D:5
   Lair: D:8-11         Orc: D:9-12

Altars:
Ashenzari
Cheibriados
Dithmenos
Elyvilon
Fedhas
Gozag
Hepliaklqana
Kikubaaqudgha
Makhleb
Nemelex Xobeh
Okawaru
Qazlal
Ru
Sif Muna
Trog
Uskayaw
Vehumet
Wu Jian
Xom
Yredelemnul
Zin
The Shining One

Annotations:
D:3 1 runed translucent door, dreq's ghost, amateur OpAs
D:10 2 runed translucent doors


Innate Abilities, Weirdness & Mutations

You can spit globs of acid.
Your golden yellow scales are hard. (AC +7)
You cannot fit into any form of body armour.
You are cold-blooded and may be slowed by cold attacks.
You are resistant to acid. (rCorr)
You tend to lose your temper in combat.
You can translocate small distances at will.


Message History

Aim: a white ugly thing You throw a throwing net.
The throwing net barely misses the white ugly thing.
Throwing (i - inventory. (/) - cycle)
g - 50 poisoned darts (quivered)
Press: ? - help, Shift-Dir - straight line, f/p - white ugly thing
Aim: a white ugly thing You throw a poisoned dart.
The poisoned dart hits the white ugly thing.
The white ugly thing is poisoned.
Throwing (i - inventory. (/) - cycle)
g - 49 poisoned darts (quivered)
Press: ? - help, Shift-Dir - straight line, f/p - white ugly thing
Aim: a white ugly thing (poisoned)
You throw a poisoned dart.
The poisoned dart hits the white ugly thing.
The white ugly thing looks even sicker.
You whack the white ugly thing!
Space warps horribly around the white ugly thing!
The white ugly thing is moderately wounded.
The white ugly thing gores you. The white ugly thing freezes you!!
You die...

#...# #.#........ #...#
#.#.##....[
####...########.#.###....
#...............#.# #....
#.###############.# #####
#.# ##########.###....
#.# #.................
#.# #.###....#.##.....
#.# #@u.(.(.(........#
#.# #####....#####..##
#.##########....# #.##.
#....).....'....# ###..
############...)# #...
#....# #### #....# #?...#
##'###


You could see a white ugly thing (very poisoned).

Vanquished Creatures
  Pikel (D:3)
  Maggie (D:6)
  A hornet (D:9)
  Grinder (D:6)
  A hippogriff (D:8)
  A steam dragon (D:8)
  2 water moccasins
  3 ice beasts
  5 ogres
  2 sky beasts
  3 centaurs
  A crocodile (D:8)
  6 bullfrogs
  3 scorpions (D:5)
  A water moccasin skeleton (D:9)
  5 howler monkeys
  10 crimson imps
  A quasit (D:5)
  5 hounds
  2 centaur skeletons
  A jelly (D:5)
  5 bullfrog skeletons
  An orc priest (D:4)
  3 orc wizards
  Crazy Yiuf (D:6)
  4 iguanas
  3 worker ants
  A statue (D:6)
  6 gnolls
  13 adders
  2 shadow imps
  An adder skeleton (D:5)
  A worm (D:3)
  2 dart slugs
  2 leopard geckos
  24 orcs
  A ball python (D:2)
  6 giant cockroaches
  6 goblins
  9 hobgoblins
  8 jackals
  2 quokkas
  5 bats
  A frilled lizard (D:1)
  A jackal zombie (D:5)
  11 kobolds
  A quokka zombie (D:5)
  4 rats
180 creatures vanquished.

Vanquished Creatures (others)
  A big kobold (D:7)
  2 crimson imps
  A jelly (D:5)
  A centaur skeleton (D:5)
  A howler monkey zombie (D:5)
  A worker ant zombie (D:5)
  A white imp (D:7)
  An ooze (D:5)
  An orc (D:4)
  28 foxfires
38 creatures vanquished.

Grand Total: 218 creatures vanquished

Notes
Turn   | Place    | Note
-------+----------+-------------------------------------------
     0 | D:1      | hawla the Draconian Venom Mage began the quest for the Orb.
     0 | D:1      | Reached XP level 1. HP: 14/14 MP: 3/3
   355 | D:1      | Reached XP level 2. HP: 16/20 MP: 0/5
   359 | D:1      | Learned a level 2 spell: Poisonous Vapours
  1743 | D:2      | Reached skill level 1 in Air Magic
  1743 | D:2      | Reached XP level 3. HP: 26/26 MP: 2/7
  2500 | D:3      | Reached XP level 4. HP: 21/33 MP: 2/8
  2619 | D:3      | Learned a level 4 spell: Olgreb's Toxic Radiance
  2623 | D:3      | Learned a level 3 spell: Ignite Poison
  3310 | D:3      | Reached skill level 1 in Fire Magic
  3659 | D:3      | Reached XP level 5. HP: 38/38 MP: 6/9
  3723 | D:3      | Noticed dreq's ghost (amateur OpAs)
  3725 | D:3      | Found a runed translucent door.
  4119 | D:3      | Reached skill level 4 in Poison Magic
  4325 | D:4      | Noticed Pikel
  4325 | D:4      | Noticed a slave
  4326 | D:4      | Noticed a slave
  4326 | D:4      | Noticed a slave
  4327 | D:4      | Noticed a slave
  4604 | D:4      | Noticed an ogre
  4637 | D:4      | Killed an ogre
  5030 | D:3      | Killed Pikel
  5030 | D:3      | Reached skill level 5 in Poison Magic
  5030 | D:3      | Reached XP level 6. HP: 14/45 MP: 0/12
  5030 | D:3      | Your scales start taking on a golden yellow colour.
  5030 | D:3      | Reached XP level 7. HP: 16/50 MP: 0/13
  5030 | D:3      | Gained mutation: You are resistant to acid. (rCorr) [Yellow
                  | Draconian growth]
  5797 | D:5      | Entered Level 5 of the Dungeon
  5800 | D:5      | Gained mutation: You tend to lose your temper in combat.
                  | [potion of mutation]
  5800 | D:5      | Gained mutation: You can translocate small distances at
                  | will. [potion of mutation]
  5931 | D:5      | Got a twisted whip
  5932 | D:5      | Identified the +7 whip "Qogann" {distort, Dex+5} (You found
                  | it on level 5 of the Dungeon)
  6046 | D:5      | Reached skill level 5 in Spellcasting
  6230 | D:5      | Reached skill level 6 in Poison Magic
  6230 | D:5      | Reached XP level 8. HP: 57/57 MP: 10/15
  6341 | D:5      | Found a staircase to the Ecumenical Temple.
  6347 | Temple   | Entered the Ecumenical Temple
  7176 | D:5      | Reached skill level 1 in Fighting
  7538 | D:6      | Noticed Grinder
  7577 | D:6      | Learned a level 2 spell: Searing Ray
  7582 | D:6      | Learned a level 4 spell: Iskenderun's Mystic Blast
  7630 | D:6      | Reached skill level 1 in Conjurations
  7630 | D:6      | Reached skill level 1 in Translocations
  7813 | D:6      | Paralysed by Grinder for 7 turns
  7979 | D:6      | Noticed Maggie
  7987 | D:6      | Killed Maggie
  7987 | D:6      | Reached XP level 9. HP: 41/64 MP: 2/18
  8130 | D:6      | Paralysed by Grinder for 7 turns
  8148 | D:6      | Killed Grinder
  8618 | D:6      | Found a runed translucent door.
  8619 | D:6      | Noticed Crazy Yiuf
  8931 | D:6      | Found a radiant altar of Vehumet.
  8940 | D:6      | Became a worshipper of Vehumet
  9384 | D:6      | Killed Crazy Yiuf
 10564 | D:8      | Identified a scroll of acquirement
 10564 | D:8      | Acquired 1890 gold pieces
 10788 | D:8      | Reached * piety under Vehumet
 10788 | D:8      | Offered knowledge of Foxfire by Vehumet.
 10788 | D:8      | Reached skill level 5 in Conjurations
 10788 | D:8      | Reached skill level 5 in Translocations
 10982 | D:7      | Learned a level 1 spell: Foxfire
 11322 | D:8      | Reached XP level 10. HP: 71/71 MP: 13/21
 11652 | D:8      | Reached skill level 7 in Poison Magic
 13319 | D:9      | Found a shattered altar of Ashenzari.
 13807 | D:10     | Entered Level 10 of the Dungeon
 13807 | D:10     | Found a large runed translucent door.
 13807 | D:10     | Found a large runed translucent door.
 13832 | D:10     | Noticed a white ugly thing
 13839 | D:9      | Reached skill level 8 in Poison Magic
 13898 | D:9      | Learned a level 3 spell: Gell's Gravitas
 14029 | D:9      | Slain by a white ugly thing

Illustrated notes

Levels and vault maps discovered:
D:1:      sevenhm_arrival_forest_fort_small_6, layout_loops_corners
D:2:      layout_loops_ring, palyth_stone_intersect, minivault_4
D:3:      layout_basic, hellmonk_ghost_happy_afterlife
D:4:      layout_basic, serial_glass, glass_columns_c, glass_columns_b,
          first_ration, uniq_pikel
D:5:      layout_rooms, minmay_temple_entry_nine_rooms, serial_undead,
          serial_undead_e, serial_undead_f, serial_undead_a, serial_undead_c,
          minmay_increasing_density
D:6:      layout_rooms, vehumet_statue, minmay_parallelograms,
          kennysheep_cluttered_room, uniq_grinder, uniq_maggie,
          uniq_crazy_yiuf_cottage
D:7:      layout_cave_pools, serial_column_ruins, column_ruins_open_tiny,
          column_ruins_open_tiny, column_ruins_open_small, column_ruins_grid_3,
          column_ruins_open_large, column_ruins_open_tiny, minmay_nine_imps
D:8:      layout_gridville, minivault_27
D:9:      layout_basic, nicolae_ashenzari_panopticon
D:10:     layout_loops_ring, ebering_ghost_disaster_area
Temple:   regret_index_temple_chain_breaker

Skill      XL: |  1  2  3  4  5  6  7  8  9 10 |
---------------+-------------------------------+-----
Air Magic      | 1 2 |  2.9
Spellcasting   | 3 4 5 6 7 |  7.5
Fire Magic     | 1 3 |  3.7
Poison Magic   | 5 6 8 |  8.0
Transmutations | 3 4 |  4.2
Fighting       | 1 |  1.2
Conjurations   | 2 5 |  5.9
Translocations | 2 5 |  5.8
Maces & Flails | |  0.2
Dodging        | |  1.8
Stealth        | |  1.8

Action                   |  1- 3 |  4- 6 |  7- 9 | 10-12 || total
-------------------------+-------+-------+-------+-------++-------
Melee: Unarmed           |    25 |    18 |       |       ||    43
       Tailslap          |     4 |     4 |    13 |     1 ||    22
       Whip              |       |       |   104 |    14 ||   118
Throw: Boomerang         |       |       |     7 |       ||     7
       Dart              |       |       |       |     3 ||     3
       Throwing net      |       |       |       |     1 ||     1
 Cast: Sting             |    29 |       |       |       ||    29
       Poisonous Vapours |    29 |    55 |    52 |    36 ||   172
       Olgreb's Toxic Ra |       |     3 |    23 |     9 ||    35
       Ignite Poison     |       |     1 |     5 |     5 ||    11
       Searing Ray       |       |       |    25 |     2 ||    27
       Iskenderun's Myst |       |       |    16 |     4 ||    20
       Foxfire           |       |       |     2 |    12 ||    14
       Gell's Gravitas   |       |       |       |     1 ||     1
 Abil: Breathe Acid      |       |       |     2 |       ||     2
  Use: Scroll            |     9 |     5 |    10 |     1 ||    25
       Potion            |       |     4 |     4 |     2 ||    10
 Stab: Sleeping          |       |       |     5 |       ||     5
  Eat: Chunk             |     7 |     9 |    12 |     2 ||    30
       Ration            |       |     1 |     4 |     2 ||     7
Armor: Skin              |     6 |    18 |    77 |    20 ||   121
Dodge: Dodged            |    27 |    51 |   103 |    26 ||   207
